[Event "Rapid del Mercoledì"]
[Site "Chess.com"]
[Date "2020.05.27"]
[Round "1"]
[White "fausto2p"]
[Black "malberici"]
[Result "0-1"]
[WhiteElo "1189"]
[BlackElo "1457"]
[TimeControl "720+3"]
[EndTime "12:06:20 PDT"]
[Termination "malberici ha vinto per abbandono"]

1. d4 g6 2. c4 Nf6 3. Nc3 d6 4. e4 Bg7 5. f3 O-O 6. Be3 c6 7. g4 a6 8. Nge2 b5 9. Ng3 Nbd7 10. Qd2 Bb7 11. h4 b4 12. Nce2 c5 13. d5 Ne5 14. b3 Nxf3+ 0-1

[Event "Rapid del Mercoledì"]
[Site "Chess.com"]
[Date "2020.05.27"]
[Round "1"]
[White "sirmale49"]
[Black "pedrak"]
[Result "0-1"]
[WhiteElo "1370"]
[BlackElo "1680"]
[TimeControl "720+3"]
[EndTime "12:09:45 PDT"]
[Termination "pedrak ha vinto per abbandono"]

1. f4 d5 2. Nf3 Bf5 3. g3 h6 4. Bg2 Nf6 5. e3 e6 6. O-O Be7 7. Nc3 c6 8. d3 O-O 9. b3 Nbd7 10. Bb2 Qc7 11. Ne2 Rfe8 12. Ne5 Rad8 13. a4 Ng4 14.
Nxg4 Bxg4 15. Bf3 Bxf3 16. Rxf3 Bf6 17. d4 Be7 18. Nc1 Nf6 19. Nd3 Ne4 20. Nf2 f5 21. Nxe4 fxe4 22. Ba3 exf3 23. Qxf3 Bxa3 24. Rxa3 Qd6 25.
Ra1 c5 26. Rd1 b6 27. e4 dxe4 28. Qxe4 cxd4 29. Rd3 Qd5 30. Qe5 Qxe5 31. fxe5 Rd5 0-1

[Event "Rapid del Mercoledì"]
[Site "Chess.com"]
[Date "2020.05.27"]
[Round "1"]
[White "mr6701"]
[Black "sergiodone"]
[Result "1-0"]
[WhiteElo "1751"]
[BlackElo "1434"]
[TimeControl "720+3"]
[EndTime "12:11:08 PDT"]
[Termination "mr6701 ha vinto per scaccomatto"]

1. e4 c5 2. d4 cxd4 3. c3 dxc3 4. Nxc3 d6 5. Nf3 a6 6. Bc4 e6 7. O-O Be7 8. Qe2 Nc6 9. Rd1 Qc7 10. Bf4 e5 11. Nd5 Qd8 12. Be3 Nd4 13. Nxd4 exd4 14. Bxd4 Kf8 15. Nb6 Rb8 16. Qf3 Nf6 17. h3 Qc7 18.
Rac1 Qc6 19. Bd5 Qb5 20. Nxc8 Nxd5 21. exd5 Qd7 22. Nb6 Qd8 23. Qg4 Bf6 24. Nd7+ Ke7 25. Bxf6+ gxf6 26. Re1# 1-0

[Event "Rapid del Mercoledì"]
[Site "Chess.com"]
[Date "2020.05.27"]
[Round "1"]
[White "caramante"]
[Black "SanSecondoPR"]
[Result "1-0"]
[WhiteElo "1582"]
[BlackElo "1309"]
[TimeControl "720+3"]
[EndTime "12:15:03 PDT"]
[Termination "caramante ha vinto per scaccomatto"]

1. Nf3 Nc6 2. d4 d5 3. g3 Nf6 4. Bg2 g6 5. O-O Bg7 6. c3 O-O 7.
h3 Re8 8. Re1 e5 9. dxe5 Nxe5 10. Nxe5 Rxe5 11. Nd2 Qd6 12. Nf3 Re7 13. Qb3 c5 14.
Bf4 Qa6 15. g4 Rxe2 16. Bg3 Be6 17. Rxe2 Qxe2 18. Qxb7 Re8 19. Re1 Qc2 20. Ng5 Qd2 21. Rxe6 Qxg5 22. Rxe8+ Nxe8 23. Bxd5 Nd6 24. Qb8+ Bf8 25.
Bxd6 Qc1+ 26. Kg2 Kg7 27. Qxf8+ Kf6 28. Qxf7+ Kg5 29. f4+ Kh4 30. Qxh7# 1-0

[Event "Rapid del Mercoledì"]
[Site "Chess.com"]
[Date "2020.05.27"]
[Round "1"]
[White "Mrtre7"]
[Black "Carbon"]
[Result "0-1"]
[WhiteElo "1437"]
[BlackElo "1775"]
[TimeControl "720+3"]
[EndTime "12:19:23 PDT"]
[Termination "Carbon ha vinto per abbandono"]

1. d4 Nf6 2. c4 g6 3. Nc3 Bg7 4. e4 d6 5. Nf3 O-O 6. Be2 e5 7.
Be3 Ng4 8. Bc1 f5 9. h3 Nxf2 10. Kxf2 fxe4 11. Nxe4 Qh4+ 12. Ng3 e4 13. Bg5 Qxg5 14. Nxe4 Qf4 15. Qd3 Bf5 16. Qd2 Qxe4 17. Rhe1 Nc6 18. Kg1 Nxd4 19. Ng5 Nxe2+ 20. Rxe2 Qd4+ 21.
Qxd4 Bxd4+ 22. Kh1 Rae8 23. Rae1 Rxe2 24. Rxe2 h6 25. Nf3 Bf6 26. g4 Bd7 27. h4 Bc6 28. Rf2 Bd4 0-1

[Event "Rapid del Mercoledì"]
[Site "Chess.com"]
[Date "2020.05.27"]
[Round "2"]
[White "malberici"]
[Black "mr6701"]
[Result "0-1"]
[WhiteElo "1451"]
[BlackElo "1763"]
[TimeControl "720+3"]
[EndTime "12:33:39 PDT"]
[Termination "mr6701 ha vinto per abbandono"]

1. d4 d5 2. c4 e6 3. a3 Nf6 4. Nf3 Be7 5. Nc3 O-O 6. e3 b6 7. b4 dxc4 8. Bxc4 Bb7 9. Bb2 Nbd7 10. Rc1 Ne4 11. Ba2 Ndf6 12. Nb5 c6 13. Nc3 a5 14.
Bb1 Nd6 15. e4 axb4 16. axb4 Nc4 17. Qc2 g6 18. e5 Nd5 19. O-O Nxb4 20. Qe2 Ba6 21.
Ne4 Nxe5 22. Qe3 Nxf3+ 23. Qxf3 Bxf1 24. Kxf1 Qd5 25. Nf6+ Bxf6 26. Qxf6 Qb5+ 27. Kg1 Nd5 28. Qg5 Qxb2 29. h4 Ra1 30. h5 Rxb1 31. hxg6 Qxc1+ 0-1

[Event "Rapid del Mercoledì"]
[Site "Chess.com"]
[Date "2020.05.27"]
[Round "2"]
[White "Carbon"]
[Black "pedrak"]
[Result "0-1"]
[WhiteElo "1762"]
[BlackElo "1690"]
[TimeControl "720+3"]
[EndTime "12:34:05 PDT"]
[Termination "pedrak ha vinto per abbandono"]

1. e4 e6 2. d4 d5 3. e5 b6 4. Be2 Ba6 5. Nf3 c5 6. c3 Bxe2 7. Qxe2 Nc6 8. O-O Nge7 9. Bg5 Qd7 10. Nbd2 Nf5 11. Nb3 h6 12. Be3 c4 13. Nbd2 Be7 14. b3 b5 15. a4 Na5 16. b4 Nb7 17. axb5 Qxb5 18. Ra2 O-O 19. Rfa1 a6 20. Nb3 Bd8 21. Nbd2 Bc7 22. Nf1 a5 23. Qc2 Rab8 24. Qa4 Qxa4 25. Rxa4 axb4 26. Rxb4 Na5 27. Rab1 Nb3 28.
N3d2 Rxb4 29. cxb4 Nbxd4 30. f4 Rb8 31. Bf2 c3 32.
Nf3 Ne2+ 33. Kh1 c2 0-1

[Event "Rapid del Mercoledì"]
[Site "Chess.com"]
[Date "2020.05.27"]
[Round "2"]
[White "sergiodone"]
[Black "SanSecondoPR"]
[Result "1-0"]
[WhiteElo "1439"]
[BlackElo "1303"]
[TimeControl "720+3"]
[EndTime "12:36:36 PDT"]
[Termination "sergiodone ha vinto per abbandono"]

1. e4 e5 2. d4 exd4 3. Qxd4 Nc6 4. Qe3 d5 5. f3 d4 6. Qf2 g6 7. Bc4 Bg7 8. Bf4 Nge7 9. Ne2 O-O 10. Nd2 Be6 11.
O-O Bxc4 12. Nxc4 f5 13. e5 b5 14. Nd2 Nxe5 15. Qg3 N7c6 16. Kh1 d3 17. cxd3 Qxd3 18. Rae1 Rae8 19. Nc1 Qd4 20. Ncb3 Qxb2 21. Bh6 Qxa2 22. Bxg7 Kxg7 23. Rc1 a5 24. f4 Nc4 25. Qc3+ Kg8 26. Nxc4 bxc4 27. Qxc4+ Rf7 28. Qxc6 Re2 29. Nd4 Rxg2 30.
Qxg2 1-0

[Event "Rapid del Mercoledì"]
[Site "Chess.com"]
[Date "2020.05.27"]
[Round "2"]
[White "fausto2p"]
[Black "sirmale49"]
[Result "0-1"]
[WhiteElo "1183"]
[BlackElo "1374"]
[TimeControl "720+3"]
[EndTime "12:43:48 PDT"]
[Termination "sirmale49 ha vinto per tempo"]

1. d4 Nc6 2. Nf3 e6 3. c4 Nf6 4.
Nc3 Bb4 5. e3 Ne4 6. Qc2 d5 7.
a3 Bxc3+ 8. bxc3 Bd7 9. Bd3 f5 10. cxd5 exd5 11. c4 Be6 12. O-O h6 13. cxd5 Bxd5 14.
Bb5 O-O 15. Bxc6 Bxc6 16. Ne5 Bd5 17. a4 c6 18. Ba3 Rf7 19. f3 Rf8 20. Bxf8 Nd6 21.
Bxd6 Qxd6 22. Qc5 Qf6 23. Rab1 b6 24. Qc3 Rd8 25. Rfc1 Rd6 26. a5 b5 27. Qc5 a6 28.
Qb6 c5 29. Qxc5 Bc4 30. Nxc4 bxc4 31. Qxc4+ Kh7 32. Qc7 f4 33. Rb6 Rxb6 34. Qxb6 Qg5 35. e4 Qe7 36. Qc5 Qb7 37. Qb6 Qe7 38. Rc5 Qf7 39. d5 Qd7 40. Rc6 Qe7 41. Qc5 Qb7 42. Qb6 Qe7 43. d6 Qe5 44. Qc5 Qa1+ 45. Qc1 Qd4+ 46.
Kh1 Qe5 0-1

[Event "Rapid del Mercoledì"]
[Site "Chess.com"]
[Date "2020.05.27"]
[Round "2"]
[White "Mrtre7"]
[Black "caramante"]
[Result "1-0"]
[WhiteElo "1449"]
[BlackElo "1564"]
[TimeControl "720+3"]
[EndTime "12:44:16 PDT"]
[Termination "Mrtre7 ha vinto per abbandono"]

1. d4 Nf6 2. c4 g6 3. Nc3 Bg7 4. e4 d6 5. Nf3 O-O 6. Be2 c6 7.
O-O Bg4 8. h3 Bxf3 9. Bxf3 Nbd7 10. Re1 e5 11. d5 cxd5 12. cxd5 a6 13. b4 Rc8 14. Qd3 Nb6 15. b5 Nc4 16. bxa6 bxa6 17.
Rb1 Qa5 18. Be3 Nxe3 19. Rxe3 Bh6 20. Rc1 Bxe3 21. Qxe3 Rc7 22. Ne2 Rfc8 23. Rxc7 Rxc7 24. h4 Qxa2 25. h5 Qb1+ 26. Kh2 Qb8 27. hxg6 fxg6 28. Qg5 Qf8 29. Ng3 Kh8 30. Be2 a5 31. f4 exf4 32. Qxf4 Rf7 33. Qd2 a4 34. Qb4 Qe7 35. Qxa4 Kg7 36. Qd4 Qe5 37. Qxe5 dxe5 38. Bc4 h5 39.
Kh3 Rc7 40. Bd3 Rc3 41. Bb1 g5 42. Kh2 Ng4+ 43. Kh3 Kg6 44. d6 Nf2+ 45. Kh2 Rc6 46. Nf5 Kf6 47. Kg3 Nd1 48. Ba2 Rc3+ 49. Kh2 Rd3 50.
Bd5 Nc3 51. d7 Rxd5 52. exd5 Kxf5 53. d8=Q Kg4 54. Qd7+ Kf4 55. Qf7+ Ke4 56. d6 h4 57. d7 1-0

[Event "Rapid del Mercoledì"]
[Site "Chess.com"]
[Date "2020.05.27"]
[Round "3"]
[White "caramante"]
[Black "sirmale49"]
[Result "1-0"]
[WhiteElo "1571"]
[BlackElo "1370"]
[TimeControl "720+3"]
[EndTime "12:56:17 PDT"]
[Termination "caramante ha vinto per abbandono"]

1. e4 d5 2. exd5 Qxd5 3. d4 c6 4. Nf3 Bg4 5. Be2 Nf6 6. c3 e6 7. O-O Nbd7 8. Re1 Nb6 9. b3 Bd6 10. c4 Qh5 11. c5 Bc7 12. cxb6 axb6 13. Ne5 Bxe2 14. Qxe2 Qf5 15. Qf3 Qxf3 16. Nxf3 O-O-O 17. Bb2 Nd5 18. Nc3 Rhe8 19. Nxd5 cxd5 20. Rac1 Kb8 21. Rc2 Bf4 22. g3 Bh6 23. Ne5 Re7 24. Ba3 Rc7 25. Rxc7 Kxc7 26. Nxf7 Rd7 27. Nxh6 gxh6 28. Rxe6 1-0

[Event "Rapid del Mercoledì"]
[Site "Chess.com"]
[Date "2020.05.27"]
[Round "3"]
[White "SanSecondoPR"]
[Black "fausto2p"]
[Result "1-0"]
[WhiteElo "1309"]
[BlackElo "1176"]
[TimeControl "720+3"]
[EndTime "13:00:07 PDT"]
[Termination "SanSecondoPR ha vinto per abbandono"]

1. e4 e6 2. d4 d5 3. e5 c5 4. c3 Nc6 5. Nf3 cxd4 6. cxd4 Nge7 7. a3 Nf5 8. b4 Qb6 9. Bb2 a5 10. b5 Na7 11. Nc3 Bd7 12. Be2 Bxb5 13. O-O Bxe2 14.
Nxe2 Be7 15. g4 Nh6 16. h3 O-O 17. Kh2 f6 18. Ng3 fxe5 19. Nxe5 Rad8 20. Bc1 Nf7 21.
Bf4 Nc6 22. Rb1 Qa7 23. Nxc6 bxc6 24. Rb3 Rb8 25. Bxb8 Rxb8 26. Rxb8+ Qxb8 27. Qa4 Qa7 28. Qxc6 Qxd4 29. Qe8+ Bf8 30. Qxe6 Kh8 31. Qxf7 1-0

[Event "Rapid del Mercoledì"]
[Site "Chess.com"]
[Date "2020.05.27"]
[Round "3"]
[White "pedrak"]
[Black "mr6701"]
[Result "0-1"]
[WhiteElo "1684"]
[BlackElo "1789"]
[TimeControl "720+3"]
[EndTime "13:00:22 PDT"]
[Termination "mr6701 ha vinto per abbandono"]

1. d4 d5 2. Nf3 e6 3. e3 Nf6 4. Bd3 Be7 5. O-O O-O 6. Nbd2 c5 7. c3 Nc6 8. Qe2 a6 9. a3 b5 10. dxc5 Bxc5 11. e4 Bb7 12. e5 Ng4 13. h3 Nh6 14.
Re1 Qb6 15. Nb3 Nf5 16. Nxc5 Qxc5 17. Bd2 d4 18. Rac1 Qb6 19. g4 Nfe7 20. Ng5 Ng6 21. Nf3 Rad8 22. c4 bxc4 23. Rxc4 Na5 24. Bxa5 Qxa5 25.
h4 Nf4 26. Qd1 Nxd3 27. Qxd3 Qd5 28. Kg2 f6 29. Kg3 fxe5 0-1

[Event "Rapid del Mercoledì"]
[Site "Chess.com"]
[Date "2020.05.27"]
[Round "3"]
[White "malberici"]
[Black "Mrtre7"]
[Result "0-1"]
[WhiteElo "1433"]
[BlackElo "1458"]
[TimeControl "720+3"]
[EndTime "13:01:22 PDT"]
[Termination "Mrtre7 ha vinto per abbandono"]

1. d4 d5 2. c4 c6 3. Nf3 e6 4.
cxd5 exd5 5. e3 Nf6 6. Nc3 Bg4 7.
h3 Bh5 8. Be2 c5 9. dxc5 Bxc5 10. O-O O-O 11. a3 Nc6 12. b4 Bb6 13. Bb2 d4 14. exd4 Bxf3 15. Bxf3 Bxd4 16. Rb1 Rc8 17. Na4 Bxb2 18. Rxb2 Re8 19. Rd2 Qc7 20. Bxc6 Qxc6 21. Nc5 Rc7 22. Rd6 Qb5 23. Qd4 Rce7 24. a4 Qxf1+ 25.
Kh2 Qe2 26. Qh4 Qe5+ 27. Qg3 Qxg3+ 28. fxg3 h6 0-1

[Event "Rapid del Mercoledì"]
[Site "Chess.com"]
[Date "2020.05.27"]
[Round "3"]
[White "sergiodone"]
[Black "Carbon"]
[Result "0-1"]
[WhiteElo "1437"]
[BlackElo "1765"]
[TimeControl "720+3"]
[EndTime "13:13:12 PDT"]
[Termination "Carbon ha vinto per tempo"]

1. e4 c5 2. Nf3 Nc6 3. d4 cxd4 4. Nxd4 g6 5. Be3 Bg7 6. c3 Nf6 7. f3 O-O 8. Be2 d5 9. O-O dxe4 10. Nd2 exf3 11. N2xf3 Qb6 12. Qc1 Qa5 13. Nxc6 bxc6 14. Bd3 Ba6 15. Qc2 Bxd3 16. Qxd3 Rad8 17. Qc2 Nd5 18. Bf2 Qc7 19. Rae1 e5 20. Bg3 Nf4 21. Bxf4 exf4 22. Re4 Rfe8 23. Rfe1 Rxe4 24. Qxe4 Qb6+ 25.
Kh1 Qxb2 26. Qxc6 Qxc3 27. Qe4 Qf6 28. h3 h5 29. a4 Bf8 30. Rf1 Bc5 31. a5 Be3 32. a6 Qxa6 33. Rb1 Qe2 34. Re1 Qd3 35. Qb7 Qd7 36. Qb1 a5 37. Ne5 Qe6 38. Nf3 a4 39. Ng5 Qf5 40. Ne4 Re8 41. Nd6 Qxb1 42. Rxb1 Rd8 43.
Ne4 Kg7 44. h4 a3 45. Kh2 a2 46. Ra1 Ra8 47. Nc3 Rc8 48. Nd5 Rc2 49. Nb4 Rc4 50. Nxa2 Ra4 51. g3 Bd4 52. Rd1 Rxa2+ 0-1

[Event "Rapid del Mercoledì"]
[Site "Chess.com"]
[Date "2020.05.27"]
[Round "4"]
[White "SanSecondoPR"]
[Black "malberici"]
[Result "1-0"]
[WhiteElo "1320"]
[BlackElo "1410"]
[TimeControl "720+3"]
[EndTime "13:26:21 PDT"]
[Termination "SanSecondoPR ha vinto per abbandono"]

1. e4 Nf6 2. Nc3 e5 3. Nf3 Nc6 4. d4 exd4 5. Nxd4 Bb4 6. Qd3 O-O 7. Bg5 Bxc3+ 8. bxc3 h6 9. Bh4 g5 10. Bg3 Nxe4 11.
Be2 d5 12. O-O Bf5 13. f3 Nxg3 14. Qd1 Nxe2+ 15. Qxe2 Nxd4 16. cxd4 Qf6 17. c3 Qg6 18. Qe5 c6 19. f4 Rfe8 20. Qc7 Qe6 21. Qxb7 Qe3+ 22.
Kh1 Qxc3 23. Rac1 Qxd4 24. fxg5 hxg5 25. Rxf5 Qg7 26. Rcf1 Rab8 27. Qxc6 Qh7 28. Rxg5+ Kf8 29. Qd6+ Re7 30. Qxb8+ Re8 31. Qb4+ Re7 32. Rxd5 Qc2 33. Rd8+ Kg7 34. Qxe7 1-0

[Event "Rapid del Mercoledì"]
[Site "Chess.com"]
[Date "2020.05.27"]
[Round "4"]
[White "sirmale49"]
[Black "sergiodone"]
[Result "1-0"]
[WhiteElo "1380"]
[BlackElo "1427"]
[TimeControl "720+3"]
[EndTime "13:28:13 PDT"]
[Termination "sirmale49 ha vinto per abbandono"]

1. f4 c5 2. Nf3 Nc6 3. g3 d6 4. Bg2 Bd7 5. O-O e6 6. d3 Be7 7. e4 h5 8. h4 Nf6 9. Bh3 Ng4 10. Ng5 Qb6 11. c4 Nd4 12. b3 f6 13. Nf3 e5 14. f5 Bc6 15. Nc3 a6 16. Nxd4 cxd4 17.
Nd5 Bxd5 18. exd5 Ne3 19. Bxe3 dxe3 20. Qe2 Qd4 21. Rae1 Bd8 22. Qxe3 Qxe3+ 23. Rxe3 Bb6 24. Re1 Bxe3+ 25. Rxe3 Kf7 26. Kg2 b6 27. Kf3 Rac8 28. Re4 Rc7 29. g4 hxg4+ 30. Rxg4 Rh6 31. Re4 Kf8 32. Kg4 a5 33. h5 Rc5 34. d4 exd4 35. Rxd4 b5 36. Kh4 bxc4 37. bxc4 a4 38. Bf1 a3 39.
Bd3 Kf7 40. Bc2 Rh8 41. Bb3 Rb8 42. h6 gxh6 43. Kh5 Kg7 44. Rg4+ Kf7 45. Rg6 Rxb3 46. axb3 a2 47. Rg1 Ra5 48. Ra1 Ra3 49. b4 Rb3 50. b5 Rb2 51. b6 Rxb6 52. Rxa2 Rb4 53. Rc2 Kg7 54. Rc3 Rb1 55. Rg3+ Kf7 56. Rg4 Rh1+ 57.
Rh4 Rf1 58. Kg4 Rxf5 59. Kxf5 1-0

[Event "Rapid del Mercoledì"]
[Site "Chess.com"]
[Date "2020.05.27"]
[Round "4"]
[White "fausto2p"]
[Black "caramante"]
[Result "1-0"]
[WhiteElo "1194"]
[BlackElo "1548"]
[TimeControl "720+3"]
[EndTime "13:29:49 PDT"]
[Termination "fausto2p ha vinto per abbandono"]

1. d4 Nf6 2. c4 g6 3. Nc3 Bg7 4. e4 d6 5. f3 c6 6. Be3 O-O 7. g4 Nbd7 8. Nge2 e5 9. d5 cxd5 10.
cxd5 a6 11. Ng3 b5 12. a3 Nb6 13. b3 Nbd7 14. Qd2 Bb7 15. b4 Nb6 16. Be2 Nc4 17. Bxc4 bxc4 18. h4 a5 19. b5 a4 20. h5 Qd7 21.
Nf5 gxf5 22. gxf5 Bxd5 23. Nxd5 Nxd5 24. Qxd5 Ra5 25. h6 Bf6 26. Rg1+ Kh8 27. Rb1 Rg8 28. Rxg8+ Kxg8 29. Ke2 Kh8 30. Qxc4 Ra8 31. Rc1 Rg8 32. Qxa4 d5 33. Qa6 Bg5 34. Bxg5 Rxg5 35. Qf6+ 1-0

[Event "Rapid del Mercoledì"]
[Site "Chess.com"]
[Date "2020.05.27"]
[Round "4"]
[White "Mrtre7"]
[Black "pedrak"]
[Result "0-1"]
[WhiteElo "1454"]
[BlackElo "1687"]
[TimeControl "720+3"]
[EndTime "13:31:59 PDT"]
[Termination "pedrak ha vinto per abbandono"]

1. d4 d5 2. c4 e6 3. Nc3 Nf6 4. cxd5 exd5 5. Bg5 Be7 6. e3 O-O 7. Bd3 c6 8. Nge2 Bg4 9. f3 Bh5 10. O-O Bg6 11. Bxg6 hxg6 12. e4 Re8 13. e5 Nh7 14. Bxe7 Qxe7 15. f4 Qe6 16. Ng3 Nd7 17. Qf3 Nb6 18.
f5 gxf5 19. Nxf5 Qg6 20. Nd6 Re7 21. Ne2 Ng5 22. Qg4 Nc4 23. Nf4 Qh6 24. Nf5 Ne3 25. Nxh6+ gxh6 26. Qh4 Nxf1 27. Rxf1 Kg7 28. Nh5+ Kh7 29.
Rf6 Rg8 30. Nf4 Nf3+ 31. Kf1 Nxh4 32. g3 Ng6 0-1

[Event "Rapid del Mercoledì"]
[Site "Chess.com"]
[Date "2020.05.27"]
[Round "4"]
[White "mr6701"]
[Black "Carbon"]
[Result "1-0"]
[WhiteElo "1817"]
[BlackElo "1756"]
[TimeControl "720+3"]
[EndTime "13:39:44 PDT"]
[Termination "mr6701 ha vinto per abbandono"]

1. e4 c5 2. d4 cxd4 3. c3 d3 4. Bxd3 Nc6 5. Nf3 d6 6. O-O g6 7. Bg5 Bg7 8. Nbd2 Nf6 9. Qb3 O-O 10. Rad1 Qc7 11. h3 Be6 12. Qc2 d5 13. exd5 Nxd5 14.
Ne4 Nf4 15. Nd4 Bd5 16. Nb5 Qb8 17. c4 Be6 18. Nc5 a6 19. Nc3 Nb4 20. Bxf4 Qxf4 21. Qb3 Nxd3 22. Nxe6 fxe6 23. Rxd3 Bd4 24. Rf3 Qc7 25.
Rd3 Rad8 26. Ne2 Bc5 27. Rxd8 Rxd8 28. Qc3 Rf8 29. b4 Ba7 30. c5 Bb8 31. g3 Qe5 32. Qc4 Qd5 33. Qc2 Rf3 34. Rd1 Qh5 35. Rd8+ Rf8 36.
Qd3 Qf5 37. Rxf8+ Qxf8 38. Qc4 Qc8 39. Nd4 Kf7 40. a4 Be5 41. Nf3 Bf6 42. g4 Qd7 43. g5 Bg7 44. Qf4+ Ke8 45. Ne5 Qd1+ 46. Kh2 Bxe5 47. Qxe5 Qxa4 48. Qb8+ Kf7 49. Qxb7 Qc2 50. Kg2 a5 51. bxa5 Qxc5 52. a6 Qxg5+ 53. Kh2 Qf4+ 54. Kh1 Qh4 55. Qf3+ Kg7 56. a7 Qc4 57.
a8=Q 1-0

[Event "Rapid del Mercoledì"]
[Site "Chess.com"]
[Date "2020.05.27"]
[Round "5"]
[White "pedrak"]
[Black "SanSecondoPR"]
[Result "1-0"]
[WhiteElo "1689"]
[BlackElo "1318"]
[TimeControl "720+3"]
[EndTime "13:46:11 PDT"]
[Termination "pedrak ha vinto per ritiro dell'avversario"]

1. d4 d5 2. Nf3 Nc6 3. Bf4 Bg4 4. Nbd2 Nf6 5. c3 Ne4 6. Qc2 Bf5 7. Qb3 Rb8 8. e3 e6 9. Bb5 g5 10. Bg3 Rc8 11. Ne5 Nxd2 12. Kxd2 Qf6 13. Nxc6 bxc6 14.
Bxc6+ Kd8 15. Be5 1-0

[Event "Rapid del Mercoledì"]
[Site "Chess.com"]
[Date "2020.05.27"]
[Round "5"]
[White "caramante"]
[Black "mr6701"]
[Result "0-1"]
[WhiteElo "1544"]
[BlackElo "1827"]
[TimeControl "720+3"]
[EndTime "13:56:58 PDT"]
[Termination "mr6701 ha vinto per abbandono"]

1. Nf3 d5 2. d4 e6 3. g3 Nf6 4. Bg5 Be7 5. c3 h6 6. Bxf6 Bxf6 7.
Bg2 O-O 8. O-O Nd7 9. Nbd2 c5 10. e4 cxd4 11. cxd4 dxe4 12. Nxe4 Be7 13. Re1 Nf6 14. Nc5 Qb6 15. Qc2 Bd7 16. a3 Bc6 17. b4 Rad8 18. Rad1 a5 19. Ne5 Bxg2 20. Kxg2 axb4 21. axb4 Qxb4 22. Nb3 Rc8 23. Qb1 Rfd8 24. Rc1 Nd5 25. Qd3 Bg5 26. f4 Bf6 27. Nc5 Rxc5 28. dxc5 Bxe5 29.
Kh1 Bf6 30. Re4 Qb2 31. Rce1 Nxf4 32. Qf3 Nd5 33. R1e2 Qc3 34. Qg4 Qxc5 35. h4 Nc3 36.
Rc2 Qd5 0-1

[Event "Rapid del Mercoledì"]
[Site "Chess.com"]
[Date "2020.05.27"]
[Round "5"]
[White "sergiodone"]
[Black "malberici"]
[Result "1-0"]
[WhiteElo "1435"]
[BlackElo "1394"]
[TimeControl "720+3"]
[EndTime "14:01:05 PDT"]
[Termination "sergiodone ha vinto per abbandono"]

1. e4 Nf6 2. e5 Nd5 3. c4 Nb6 4. c5 Nd5 5. d4 d6 6. Nc3 e6 7. cxd6 cxd6 8. Nxd5 exd5 9. Nf3 Bg4 10. Bf4 Nc6 11.
Bb5 Be7 12. Bxc6+ bxc6 13. O-O O-O 14. Re1 dxe5 15. dxe5 Bb4 16. Rf1 Qe7 17. a3 Ba5 18. b4 Bc7 19. Re1 h6 20. Rc1 Qe6 21. b5 Ba5 22.
Rxc6 Qf5 23. Rf1 g5 24. Rf6 Qd7 25. Bg3 Rae8 26. Qd4 Bb6 27. Qd3 Bxf3 28. Qxf3 Re6 29. Qh5 Rxf6 30. exf6 Qf5 31. Qxh6 Qg6 32. Qxg6+ fxg6 33. Be5 Bd8 34. Rd1 Bxf6 35. Bxf6 Rxf6 36. Rxd5 Re6 37.
f3 Kf7 38. a4 Re1+ 39. Kf2 Re7 40. a5 Ke6 41. Rc5 Rb7 42. g3 Rd7 43. Ke2 Re7 44. Kd3 Rd7+ 45. Ke2 Re7 46. Kf2 Rd7 47. h4 gxh4 48. gxh4 Kf6 49. b6 axb6 50. axb6 Rb7 51. Rc6+ Kf5 52. Kg3 g5 53. hxg5 Kxg5 54. f4+ Kf5 55.
Kf3 Rb8 56. Kg3 Rg8+ 57. Kf3 Rb8 58. Rd6 Rb7 59. Rh6 Rb8 60. Ke3 Re8+ 61. Kd4 Kxf4 62.
Kc5 Kg5 63. Rd6 Kf5 64. b7 Ke5 65. Rh6 Rb8 66. Kb6 Kd5 67. Kc7 Rg8 68. b8=Q Rg7+ 69. Kb6 1-0

[Event "Rapid del Mercoledì"]
[Site "Chess.com"]
[Date "2020.05.27"]
[Round "5"]
[White "Carbon"]
[Black "sirmale49"]
[Result "1-0"]
[WhiteElo "1758"]
[BlackElo "1378"]
[TimeControl "720+3"]
[EndTime "14:05:26 PDT"]
[Termination "Carbon ha vinto per tempo"]

1. e4 e5 2. Nf3 Nc6 3. Bb5 d6 4.
c3 Nf6 5. d3 Bd7 6. O-O Be7 7.
Re1 O-O 8. d4 a6 9. Bc4 Na5 10.
Bd3 exd4 11. cxd4 Re8 12. Nc3 Bg4 13. h3 Bh5 14. d5 Nd7 15. b4 Ne5 16. bxa5 Bxf3 17.
gxf3 Bh4 18. f4 Nxd3 19. Qxd3 Qf6 20. Be3 Qg6+ 21. Kh2 Bf6 22. Bd4 Bxd4 23. Qxd4 Rac8 24. Rg1 Qh6 25. e5 c5 26. Qe4 dxe5 27. fxe5 g6 28.
d6 Rcd8 29. Rad1 Qg7 30. f4 f5 31. Qf3 Re6 32. Nd5 Rd7 33. Nb6 Rd8 34. Qd5 Qf7 35.
Rc1 Ree8 36. Qxf7+ Kxf7 37. Rxc5 Ke6 38. Rc7 h6 39.
Rgc1 g5 40. Kg3 1-0

[Event "Rapid del Mercoledì"]
[Site "Chess.com"]
[Date "2020.05.27"]
[Round "5"]
[White "fausto2p"]
[Black "Mrtre7"]
[Result "0-1"]
[WhiteElo "1190"]
[BlackElo "1457"]
[TimeControl "720+3"]
[EndTime "14:07:07 PDT"]
[Termination "Mrtre7 ha vinto per tempo"]

1. d4 d5 2. c4 c6 3. Nf3 e6 4.
Nc3 dxc4 5. a4 Bb4 6. e3 b5 7. axb5 cxb5 8. Be2 Nf6 9. O-O Nc6 10. Nxb5 a6 11.
Bxc4 Bb7 12. Nc3 O-O 13. Na2 Bd6 14. Nc3 Rc8 15. b3 a5 16. Nb5 Bb4 17. Bb2 Nd5 18. Qd3 Qf6 19. Nd6 Bxd6 20. Bb5 Ncb4 21. Qe4 Ba6 22.
Bxa6 Nxa6 23. Rxa5 Nac7 24. Ra6 Be7 25. Ne5 Rfd8 26.
Ra7 Bd6 27. Nc6 Rd7 28. Rc1 Nb4 29. Ne5 Bxe5 30. dxe5 Qe7 31. h3 Nd3 32. Ba3 Qd8 33. Rc4 Nb5 34. Rxd7 Qe8 35. Rxd3 Nxa3 36. Rxc8 Qxc8 0-1